[Event "FIDE Grand Swiss 2023"]
[Site "Villa Marina, Douglas, Isle of Man"]
[Date "2023.10.30"]
[Round "6.43"]
[White "Volokitin, Andrei"]
[Black "Wagner, Dennis"]
[Result "1/2-1/2"]
[WhiteElo "2664"]
[BlackElo "2589"]
[EventDate "2023.10.25"]
[ECO "C88"]
[PlyCount "70"]
[BlackFideId "24650684"]
[TimeControl "40/100 + 20/50 + 15 + 30s/move"]
[WhiteFideId "14107090"]

1.e4 e5 2.Nf3 Nc6 3.Bb5 a6 4.Ba4 Nf6 5.O-O Be7 6.Re1 b5 7.Bb3 O-O 8.a4 b4 9.d4 d6 10.dxe5 Nxe5 11.Nxe5 dxe5 12.Qxd8 Rxd8 13.Nd2 Bc5 14.Nf3 Ng4 15.Be3 Bxe3 16.fxe3 Rd6 17.Rad1 Be6 18.Rxd6 cxd6 19.Rd1 Bxb3 20.cxb3 Nf6 21.Rxd6 Nxe4 22.Rb6 a5 23.Nxe5 Nc5 24.Nf3 Nxb3 25.Rc6 Rd8 26.Nd4 Nxd4 27.exd4 f5 28.Rc4 Re8 29.Kf2 Re4 30.Kf3 g6 31.Rc8+ Kf7 32.Rd8 b3 33.Rd5 Ke6 34.Rxa5 Rxd4 35.Rb5 Rxa4 1/2-1/2

[Event "FIDE Grand Swiss 2023"]
[Site "Villa Marina, Douglas, Isle of Man"]
[Date "2023.10.30"]
[Round "6.44"]
[White "Akobian, Varuzhan"]
[Black "Ivanchuk, Vasyl"]
[Result "1/2-1/2"]
[WhiteElo "2582"]
[BlackElo "2653"]
[EventDate "2023.10.25"]
[ECO "D92"]
[PlyCount "55"]
[BlackFideId "14100010"]
[TimeControl "40/100 + 20/50 + 15 + 30s/move"]
[WhiteFideId "13300580"]

1.d4 Nf6 2.c4 g6 3.Nc3 d5 4.Bf4 Bg7 5.Nf3 O-O 6.Rc1 dxc4 7.e3 c5 8.dxc5 Qa5 9.Bxc4 Qxc5 10.Qe2 Bg4 11.O-O Nc6 12.Bb3 Qh5 13.h3 Bxf3 14.Qxf3 Qxf3 15.gxf3 Na5 16.Bd1 Rfc8 17.Be2 Nh5 18.Bh2 Bxc3 19.Rxc3 Rxc3 20.bxc3 Rc8 21.Rd1 Nf6 22.Be5 Kf8 23.Bxf6 exf6 24.Rd5 Nc6 25.Rd7 Na5 26.Rd5 Nc6 27.Rd7 Na5 28.Rd5 1/2-1/2

[Event "FIDE Grand Swiss 2023"]
[Site "Villa Marina, Douglas, Isle of Man"]
[Date "2023.10.30"]
[Round "6.45"]
[White "Santos Latasa, Jaime"]
[Black "Dardha, Daniel"]
[Result "1/2-1/2"]
[WhiteElo "2650"]
[BlackElo "2580"]
[EventDate "2023.10.25"]
[ECO "A13"]
[PlyCount "60"]
[BlackFideId "240990"]
[TimeControl "40/100 + 20/50 + 15 + 30s/move"]
[WhiteFideId "2293307"]

1.Nf3 d5 2.e3 Nf6 3.c4 e6 4.b3 c5 5.Bb2 Nc6 6.cxd5 exd5 7.Bb5 Bd6 8.O-O O-O 9.d4 cxd4 10.Nxd4 Bc7 11.Nf3 Bg4 12.Nbd2 Ne4 13.Nxe4 dxe4 14.Qxd8 Rfxd8 15.Bxc6 bxc6 16.Ne5 Bxe5 17.Bxe5 Rd5 18.Bg3 Rad8 19.h3 Bd1 20.Rc1 h6 21.Rxc6 Rd2 22.Rc1 Be2 23.Rfe1 Rxa2 24.Ra1 Rxa1 25.Rxa1 Rd1+ 26.Rxd1 Bxd1 27.b4 Be2 28.Be5 f6 29.Bd4 a6 30.Kh2 Kf7 1/2-1/2

[Event "FIDE Grand Swiss 2023"]
[Site "Villa Marina, Douglas, Isle of Man"]
[Date "2023.10.30"]
[Round "6.46"]
[White "Svane, Rasmus"]
[Black "Amar, Elham"]
[Result "1-0"]
[WhiteElo "2646"]
[BlackElo "2568"]
[EventDate "2023.10.25"]
[ECO "E11"]
[PlyCount "89"]
[BlackFideId "1533533"]
[TimeControl "40/100 + 20/50 + 15 + 30s/move"]
[WhiteFideId "4657101"]

1.d4 Nf6 2.c4 e6 3.Nf3 Bb4+ 4.Bd2 Qe7 5.g3 Bxd2+ 6.Qxd2 Nc6 7.b3 a5 8.Nc3 a4 9.Rb1 axb3 10.axb3 d5 11.Bg2 O-O 12.O-O Rd8 13.Qf4 Nb4 14.Rfc1 Na2 15.Nxa2 Rxa2 16.Bf1 dxc4 17.Rxc4 c6 18.Qc1 Bd7 19.Ra4 Ra8 20.Rxa2 Rxa2 21.Ra1 Rxa1 22.Qxa1 Qb4 23.Qa8+ Be8 24.e4 Kf8 25.e5 Nd7 26.Bc4 h6 27.Kg2 b5 28.Bd3 Qxb3 29.Be4 Nb6 30.Qd8 Nd5 31.Qd6+ Ne7 32.Ne1 Qa4 33.Nd3 Qa7 34.Nc5 Qa8 35.g4 g5 36.Bf5 exf5 37.gxf5 Qa2 38.Qxh6+ Kg8 39.Ne4 Qd5 40.f3 Qa2+ 41.Kh3 g4+ 42.fxg4 Nd5 43.f6 Qa3+ 44.Kh4 Qf8 45.Qg5+ 1-0

[Event "FIDE Grand Swiss 2023"]
[Site "Villa Marina, Douglas, Isle of Man"]
[Date "2023.10.30"]
[Round "6.47"]
[White "Sadhwani, Raunak"]
[Black "Lazavik, Denis"]
[Result "1-0"]
[WhiteElo "2641"]
[BlackElo "2560"]
[EventDate "2023.10.25"]
[ECO "E05"]
[PlyCount "115"]
[BlackFideId "13515110"]
[TimeControl "40/100 + 20/50 + 15 + 30s/move"]
[WhiteFideId "35093487"]

1.d4 Nf6 2.c4 e6 3.Nf3 d5 4.g3 Be7 5.Bg2 O-O 6.O-O dxc4 7.Qc2 a6 8.a4 Bd7 9.Qxc4 Bc6 10.Bg5 Nbd7 11.Nc3 h6 12.Bf4 a5 13.Qb3 Bb4 14.Rfd1 Nb6 15.Ne5 Bxg2 16.Kxg2 Qe7 17.Nd3 Rfd8 18.Rac1 Ne8 19.Nc5 Nd7 20.Nd3 Ndf6 21.Be5 c6 22.Na2 Bd6 23.e3 Bxe5 24.dxe5 Nh7 25.Nc3 Nf8 26.f4 Qc7 27.h4 Ng6 28.Kf2 Rac8 29.h5 Ne7 30.g4 b6 31.Ne1 Rxd1 32.Rxd1 Rb8 33.Ne4 b5 34.Nd3 Nd5 35.Qc2 bxa4 36.Qxa4 Qb6 37.Re1 Rd8 38.Kf3 Qb5 39.Qc2 c5 40.Ndxc5 Rc8 41.Rc1 Qc6 42.g5 hxg5 43.Nxg5 Ne7+ 44.Qe4 Nf5 45.Qxc6 Rxc6 46.Nge4 Nc7 47.Ra1 Nh4+ 48.Ke2 Rb6 49.Nd3 Nf5 50.Rxa5 Rb8 51.Nd6 Ng3+ 52.Kf3 Nxh5 53.b4 Nd5 54.b5 f6 55.e4 Nc7 56.Kg4 g6 57.Nc5 fxe5 58.fxe5 1-0

[Event "FIDE Grand Swiss 2023"]
[Site "Villa Marina, Douglas, Isle of Man"]
[Date "2023.10.30"]
[Round "6.48"]
[White "Mamedov, Rauf"]
[Black "Royal, Shreyas"]
[Result "1-0"]
[WhiteElo "2640"]
[BlackElo "2407"]
[EventDate "2023.10.25"]
[ECO "C77"]
[PlyCount "107"]
[BlackFideId "448869"]
[TimeControl "40/100 + 20/50 + 15 + 30s/move"]
[WhiteFideId "13401653"]

1.e4 e5 2.Nf3 Nc6 3.Bb5 a6 4.Ba4 Nf6 5.Nc3 b5 6.Bb3 Bc5 7.a4 Rb8 8.axb5 axb5 9.Nd5 O-O 10.d3 Nxd5 11.Bxd5 Ne7 12.Bb3 Ng6 13.h4 Qf6 14.Bg5 Qb6 15.Qd2 h6 16.h5 Ne7 17.Bh4 Re8 18.Nxe5 d5 19.O-O Nf5 20.exf5 Rxe5 21.Rae1 Rxe1 22.Rxe1 Bxf5 23.Bxd5 Qd6 24.Bb3 Qd4 25.Bg3 Bd6 26.Bxd6 Qxd6 27.Qe3 Bg4 28.Qe5 Kf8 29.Qe4 f5 30.Qe5 Qxe5 31.Rxe5 Re8 32.Rxb5 Re1+ 33.Kh2 Ke7 34.f3 Bxh5 35.Rxf5 Be8 36.Rf4 Rb1 37.Re4+ Kd8 38.Kg3 g5 39.Kf2 Bc6 40.Re6 Bb5 41.Ke2 Rh1 42.Re5 Bc6 43.Bd5 Be8 44.Be4 Bf7 45.b3 Kd7 46.Ra5 Rc1 47.Kd2 Rg1 48.g4 Rh1 49.c4 Kd6 50.b4 Be6 51.Kc3 Rh2 52.Kd4 Rb2 53.Ra6+ Ke7 54.Ke5 1-0

[Event "FIDE Grand Swiss 2023"]
[Site "Villa Marina, Douglas, Isle of Man"]
[Date "2023.10.30"]
[Round "6.49"]
[White "Vokhidov, Shamsiddin"]
[Black "Warmerdam, Max"]
[Result "1/2-1/2"]
[WhiteElo "2578"]
[BlackElo "2636"]
[EventDate "2023.10.25"]
[ECO "C92"]
[PlyCount "69"]
[BlackFideId "1048104"]
[TimeControl "40/100 + 20/50 + 15 + 30s/move"]
[WhiteFideId "14204223"]

1.e4 e5 2.Nf3 Nc6 3.Bb5 a6 4.Ba4 Nf6 5.O-O Be7 6.Re1 b5 7.Bb3 d6 8.c3 O-O 9.h3 Bb7 10.d4 Re8 11.Nbd2 Bf8 12.a3 h6 13.Bc2 Nb8 14.b3 Nbd7 15.Bb2 g6 16.Bd3 Bg7 17.dxe5 dxe5 18.c4 Nc5 19.Bc2 Nh5 20.cxb5 axb5 21.b4 Nd3 22.Bxd3 Qxd3 23.Nb3 Bxe4 24.Qxd3 Bxd3 25.Bxe5 Nf6 26.Nfd4 Nd5 27.Bxg7 Rxe1+ 28.Rxe1 Kxg7 29.Re5 Nb6 30.Na5 Rd8 31.Nxb5 Bxb5 32.Rxb5 Rd3 33.Rc5 Rxa3 34.Rxc7 Nd5 35.Rb7 1/2-1/2

[Event "FIDE Grand Swiss 2023"]
[Site "Villa Marina, Douglas, Isle of Man"]
[Date "2023.10.30"]
[Round "6.50"]
[White "Parligras, Mircea-Emilian"]
[Black "Donchenko, Alexander"]
[Result "1/2-1/2"]
[WhiteElo "2561"]
[BlackElo "2676"]
[EventDate "2023.10.25"]
[ECO "D38"]
[PlyCount "65"]
[BlackFideId "24603295"]
[TimeControl "40/100 + 20/50 + 15 + 30s/move"]
[WhiteFideId "1204297"]

1.d4 Nf6 2.c4 e6 3.Nf3 d5 4.Nc3 Bb4 5.Qb3 a5 6.Bg5 c5 7.dxc5 Na6 8.a3 Nxc5 9.Qc2 Bxc3+ 10.Qxc3 dxc4 11.Qxc4 Nce4 12.Bxf6 Nxf6 13.g3 a4 14.Qb4 Qa5 15.Bg2 Qxb4+ 16.axb4 Ke7 17.Ne5 Rd8 18.Nc4 Nd5 19.O-O Nxb4 20.Nb6 Ra5 21.Rfc1 Bd7 22.Rc7 Na6 23.Rxb7 Nc5 24.Rc7 Ra6 25.Nxd7 Nxd7 26.b4 Kd6 27.Rc3 Rb8 28.b5 Ra7 29.Rc6+ Ke7 30.Ra6 Rc7 31.R6xa4 Rxb5 32.Bf3 Rbc5 33.h4 1/2-1/2

[Event "FIDE Grand Swiss 2023"]
[Site "Villa Marina, Douglas, Isle of Man"]
[Date "2023.10.30"]
[Round "6.51"]
[White "Henriquez Villagra, Cristobal"]
[Black "Kozak, Adam"]
[Result "1/2-1/2"]
[WhiteElo "2630"]
[BlackElo "2566"]
[EventDate "2023.10.25"]
[ECO "B52"]
[PlyCount "177"]
[BlackFideId "753246"]
[TimeControl "40/100 + 20/50 + 15 + 30s/move"]
[WhiteFideId "3409350"]

1.Nf3 c5 2.e4 d6 3.Bb5+ Bd7 4.c4 Nc6 5.Nc3 Nf6 6.O-O g6 7.d4 cxd4 8.Nxd4 Bg7 9.Nxc6 bxc6 10.Ba4 O-O 11.Rb1 Ng4 12.Ne2 Rb8 13.Bc2 Qa5 14.h3 Ne5 15.b3 c5 16.a3 Nc6 17.f4 Rb7 18.Kh1 Rfb8 19.Qd3 Be8 20.h4 Qd8 21.Bd2 a5 22.a4 e5 23.f5 Qxh4+ 24.Kg1 Nb4 25.Bxb4 cxb4 26.Rbd1 Rb6 27.Qf3 Rc8 28.g3 Qg5 29.Qf2 Ra6 30.Rd5 Bh6 31.Rfd1 Bf8 32.Rf1 Bh6 33.Rfd1 Bf8 34.Rf1 Rc7 35.Bd3 Rc5 36.fxg6 Qxg6 37.Bb1 Bd7 38.Nc1 Be6 39.Nd3 Rc8 40.Rb5 h5 41.Kh2 Be7 42.Rb7 Kf8 43.Ne1 Rac6 44.Ng2 R6c7 45.Rxc7 Rxc7 46.Ne3 Qg5 47.Nf5 Rc5 48.Bd3 Bxf5 49.Qxf5 Qxf5 50.Rxf5 h4 51.Be2 hxg3+ 52.Kxg3 Bd8 53.Bh5 Rc7 54.Bg4 Ra7 55.Rh5 Kg7 56.Kf3 Ra8 57.Rf5 Bb6 58.Rg5+ Kf6 59.Rf5+ Kg7 60.Rg5+ Kf6 61.Rf5+ Ke7 62.Rh5 Rg8 63.Rh7 Bc5 64.Rh5 Bb6 65.Rh7 Bd4 66.Rh5 Kd8 67.Rh7 Rf8 68.Ke2 Bb2 69.Rh6 Ke7 70.Rh7 Bd4 71.Kf3 Bc5 72.Ke2 Ke8 73.Bh5 Ke7 74.Bg4 Rg8 75.Kf3 Ke8 76.Rh5 Kf8 77.Rh1 Kg7 78.Rh3 Kg6 79.Bf5+ Kf6 80.Rg3 Rh8 81.Rh3 Rg8 82.Rg3 Rf8 83.Rh3 Ke7 84.Rh7 Kd8 85.Bg4 Kc7 86.Be6 Rg8 87.Rxf7+ Kb6 88.Rb7+ Kxb7 89.Bxg8 1/2-1/2

[Event "FIDE Grand Swiss 2023"]
[Site "Villa Marina, Douglas, Isle of Man"]
[Date "2023.10.30"]
[Round "6.52"]
[White "Fawzy, Adham"]
[Black "Mendonca, Leon Luke"]
[Result "1/2-1/2"]
[WhiteElo "2535"]
[BlackElo "2622"]
[EventDate "2023.10.25"]
[ECO "C11"]
[PlyCount "61"]
[BlackFideId "35028561"]
[TimeControl "40/100 + 20/50 + 15 + 30s/move"]
[WhiteFideId "10613129"]

1.e4 e6 2.d4 d5 3.Nc3 Nf6 4.Bg5 dxe4 5.Nxe4 Nbd7 6.Nf3 h6 7.Nxf6+ Nxf6 8.Be3 Bd6 9.Bd3 O-O 10.Qe2 b6 11.Rg1 Bb7 12.g4 Nd5 13.g5 Nf4 14.Bxf4 Bxf4 15.c3 Bxf3 16.Qxf3 Bxg5 17.Qe4 Re8 18.Qh7+ Kf8 19.h4 Bxh4 20.Qxg7+ Ke7 21.Qxh6 Rh8 22.Qe3 Qd6 23.O-O-O Rag8 24.f4 Rxg1 25.Rxg1 c5 26.dxc5 Qxc5 27.Qxc5+ bxc5 28.Rh1 Bf6 29.Rxh8 Bxh8 30.f5 exf5 31.Bxf5 1/2-1/2

[Event "FIDE Grand Swiss 2023"]
[Site "Villa Marina, Douglas, Isle of Man"]
[Date "2023.10.30"]
[Round "6.53"]
[White "Adhiban, B."]
[Black "Iturrizaga Bonelli, Eduardo"]
[Result "1-0"]
[WhiteElo "2551"]
[BlackElo "2615"]
[EventDate "2023.10.25"]
[ECO "B42"]
[PlyCount "111"]
[BlackFideId "3901211"]
[TimeControl "40/100 + 20/50 + 15 + 30s/move"]
[WhiteFideId "5018471"]

1.e4 c5 2.Nf3 e6 3.d4 cxd4 4.Nxd4 a6 5.Bd3 Bc5 6.Nb3 Be7 7.Nc3 d6 8.Qe2 Nf6 9.f4 Nc6 10.Be3 b5 11.O-O-O Qc7 12.Kb1 Rb8 13.g4 h6 14.h4 h5 15.g5 Ng4 16.g6 b4 17.gxf7+ Kf8 18.Na4 e5 19.Bc4 Bd7 20.Nac5 dxc5 21.Rxd7 Qxd7 22.Nxc5 Bxc5 23.Bxc5+ Ne7 24.Rd1 Qc6 25.Qd3 g5 26.Qd8+ Rxd8 27.Rxd8+ Kg7 28.Rxh8 Ng6 29.Rg8+ Kh7 30.f5 Nf8 31.Bxf8 Qxc4 32.Rg7+ Kh8 33.Rg8+ Kh7 34.Rg7+ Kh8 35.b3 Qf1+ 36.Kb2 Qe1 37.Rg8+ Kh7 38.Rg7+ Kh8 39.Bxb4 Qxb4 40.Rg8+ Kh7 41.f8=Q Qxf8 42.Rxf8 gxh4 43.f6 Kg6 44.f7 Nf6 45.c4 h3 46.Rg8+ Kxf7 47.Rg3 Nxe4 48.Rxh3 Kg6 49.b4 Kg5 50.c5 h4 51.Re3 Kf4 52.Rxe4+ Kxe4 53.c6 h3 54.c7 h2 55.c8=Q h1=Q 56.Qc6+ 1-0

[Event "FIDE Grand Swiss 2023"]
[Site "Villa Marina, Douglas, Isle of Man"]
[Date "2023.10.30"]
[Round "6.54"]
[White "Fier, Alexandr"]
[Black "Gurel, Ediz"]
[Result "1/2-1/2"]
[WhiteElo "2574"]
[BlackElo "2514"]
[EventDate "2023.10.25"]
[ECO "C43"]
[PlyCount "93"]
[BlackFideId "44507356"]
[TimeControl "40/100 + 20/50 + 15 + 30s/move"]
[WhiteFideId "2107139"]

1.e4 e5 2.Nf3 Nf6 3.d4 Nxe4 4.Bd3 d5 5.Nxe5 Nd7 6.Nc3 Bb4 7.O-O Nxe5 8.dxe5 Nxc3 9.bxc3 Bxc3 10.Rb1 Qh4 11.Ba3 a5 12.f4 Bb4 13.Bb2 Bg4 14.Qc1 Bc5+ 15.Kh1 Bf2 16.Qd2 Bg3 17.h3 O-O 18.Bd4 b6 19.Bf2 Bxf2 20.Rxf2 g6 21.f5 Bxf5 22.Bxf5 gxf5 23.Rxf5 Rae8 24.Rbf1 Re6 25.Qxd5 Qe7 26.Qf3 Kh8 27.Qh5 f6 28.Qh6 Qg7 29.Qd2 Rxe5 30.Rxf6 Ree8 31.Qc3 Rg8 32.R1f2 Re6 33.Kh2 Rxf6 34.Qxf6 Qxf6 35.Rxf6 Rd8 36.Rc6 Rd4 37.Rxc7 Ra4 38.Kg3 Rxa2 39.Kf4 Ra3 40.h4 b5 41.g4 Ra4+ 42.Kf5 Rc4 43.Rb7 b4 44.Ra7 Rxc2 45.Rxa5 b3 46.Rb5 b2 47.Rb7 1/2-1/2

[Event "FIDE Grand Swiss 2023"]
[Site "Villa Marina, Douglas, Isle of Man"]
[Date "2023.10.30"]
[Round "6.55"]
[White "Sanal, Vahap"]
[Black "Greenfeld, Alon"]
[Result "1-0"]
[WhiteElo "2603"]
[BlackElo "2455"]
[EventDate "2023.10.25"]
[ECO "B60"]
[PlyCount "57"]
[BlackFideId "2800039"]
[TimeControl "40/100 + 20/50 + 15 + 30s/move"]
[WhiteFideId "6300545"]

1.e4 c5 2.Nf3 d6 3.d4 cxd4 4.Nxd4 Nf6 5.Nc3 Nc6 6.Bg5 g6 7.Bb5 Bd7 8.Bxf6 exf6 9.Nf3 Be6 10.Qd2 Bg7 11.Nd4 O-O 12.Bxc6 bxc6 13.O-O Qd7 14.Rad1 f5 15.Rfe1 Rfe8 16.h3 fxe4 17.Nxe4 Bd5 18.Nc3 Bc4 19.b3 Ba6 20.Ne4 f5 21.Ng5 Bf6 22.Nde6 Re7 23.Nc5 dxc5 24.Qxd7 Rxd7 25.Rxd7 Bxg5 26.c4 Rb8 27.f4 Bh4 28.Re6 Bb7 29.Kh2 1-0

[Event "FIDE Grand Swiss 2023"]
[Site "Villa Marina, Douglas, Isle of Man"]
[Date "2023.10.30"]
[Round "6.56"]
[White "Samunenkov, Ihor"]
[Black "Krasenkow, Michal"]
[Result "1-0"]
[WhiteElo "2531"]
[BlackElo "2531"]
[EventDate "2023.10.25"]
[ECO "B31"]
[PlyCount "85"]
[BlackFideId "1113100"]
[TimeControl "40/100 + 20/50 + 15 + 30s/move"]
[WhiteFideId "14187086"]

1.e4 c5 2.Nf3 Nc6 3.Bb5 g6 4.O-O Bg7 5.c3 Nf6 6.Re1 O-O 7.d4 Qb6 8.Bxc6 dxc6 9.h3 Rd8 10.Qc2 Bd7 11.Be3 cxd4 12.cxd4 Be8 13.Nc3 a5 14.Rad1 Qa6 15.Qc1 a4 16.Bh6 Bh8 17.Qg5 b5 18.e5 b4 19.Ne4 Nd5 20.Rc1 Ra7 21.h4 Qc8 22.h5 Qf5 23.hxg6 Qxg6 24.Qd2 f5 25.exf6 exf6 26.Ng3 Bg7 27.Bxg7 Rxg7 28.Re6 Qf7 29.Rce1 Bd7 30.Nf5 Rg6 31.Ne7+ Nxe7 32.Rxe7 Qd5 33.Qf4 Rf8 34.Nh4 Rg7 35.Rxg7+ Kxg7 36.Re7+ Rf7 37.Re3 Rf8 38.Rg3+ Kf7 39.Qh6 Ke8 40.Re3+ Be6 41.f4 Qxd4 42.f5 Rg8 43.Kh2 1-0

[Event "FIDE Grand Swiss 2023"]
[Site "Villa Marina, Douglas, Isle of Man"]
[Date "2023.10.30"]
[Round "6.57"]
[White "Kolbus, Dietmar"]
[Black "Wu, Li"]
[Result "0-1"]
[WhiteElo "2225"]
[BlackElo "2303"]
[EventDate "2023.10.25"]
[ECO "B31"]
[PlyCount "92"]
[BlackFideId "411086"]
[TimeControl "40/100 + 20/50 + 15 + 30s/move"]
[WhiteFideId "4610628"]

1.e4 c5 2.Nf3 Nc6 3.Bb5 g6 4.O-O Bg7 5.c3 e5 6.d3 Nge7 7.c4 O-O 8.Nc3 d6 9.Bxc6 bxc6 10.Ne1 f5 11.Bg5 h6 12.Bxe7 Qxe7 13.Qa4 Qb7 14.Rb1 a5 15.Qd1 f4 16.f3 g5 17.g4 fxg3 18.hxg3 h5 19.Nc2 Bh3 20.Rf2 g4 21.Ne3 gxf3 22.Rxf3 Bh6 23.Kh2 Qd7 24.Qe2 Rxf3 25.Qxf3 Rf8 26.Nf5 Bxf5 27.exf5 Rxf5 28.Qe2 Qf7 29.Kg2 Qg6 30.Kh3 Kg7 31.Rg1 Bf4 32.Ne4 d5 33.Kh2 Bg5 34.Nf2 Kh6 35.Nh3 Qf6 36.Kg2 Qe6 37.Re1 Kg6 38.b3 Bh6 39.Kh2 Kh7 40.Kg2 Qf6 41.Rh1 Qg6 42.Rf1 Rxf1 43.Kxf1 Qxg3 44.Qxh5 Qxd3+ 45.Kf2 Qc2+ 46.Kg3 Qg6+ 0-1

[Event "FIDE Grand Swiss 2023"]
[Site "Villa Marina, Douglas, Isle of Man"]
[Date "2023.11.01"]
[Round "7.1"]
[White "Wojtaszek, Radoslaw"]
[Black "Caruana, Fabiano"]
[Result "1/2-1/2"]
[WhiteElo "2668"]
[BlackElo "2786"]
[EventDate "2023.10.25"]
[ECO "D45"]
[PlyCount "122"]
[BlackFideId "2020009"]
[TimeControl "40/100 + 20/50 + 15 + 30s/move"]
[WhiteFideId "1118358"]
[ePGN "0.1;DGT LiveChess/2.2.5"]

1.d4 Nf6 2.c4 e6 3.Nf3 d5 4.Nc3 c6 5.e3 Nbd7 6.Qc2 Bd6 7.Bd3 O-O 8.O-O Re8 9.e4 dxc4 10.Bxc4 e5 11.Be3 exd4 12.Bxd4 Ng4 13.Rad1 Qe7 14.Qd2 Nge5 15.Nxe5 Nxe5 16.Be2 Be6 17.f4 Nc4 18.Qc1 f6 19.b3 Nb6 20.Kh1 Rad8 21.Bh5 Rf8 22.Bf3 Bf7 23.Rfe1 Bb4 24.e5 f5 25.Bf2 Be6 26.Rf1 Rxd1 27.Rxd1 Rd8 28.Ne2 g6 29.Rxd8+ Qxd8 30.Bc5 Bxc5 31.Qxc5 Qd1+ 32.Ng1 Qd2 33.Qe7 Qd7 34.Qa3 a6 35.Qc5 Nd5 36.Ne2 Kf7 37.Kg1 b6 38.Qd4 c5 39.Qd2 b5 40.Kf2 b4 41.g3 a5 42.Qd3 Nc7 43.Qxd7+ Bxd7 44.Ke3 Be6 45.Bc6 Nd5+ 46.Kd3 Ke7 47.Bb5 Nb6 48.Nc1 h6 49.h4 Bd7 50.Ba6 Be6 51.Bb5 h5 52.Kd2 Nd5 53.Ne2 Bd7 54.Ba6 a4 55.bxa4 Bxa4 56.Bb7 Nb6 57.Nc1 Nc4+ 58.Ke1 Nb2 59.Nb3 c4 60.Nd4 c3 61.Ba6 Kd7 1/2-1/2

[Event "FIDE Grand Swiss 2023"]
[Site "Villa Marina, Douglas, Isle of Man"]
[Date "2023.11.01"]
[Round "7.2"]
[White "Nakamura, Hikaru"]
[Black "Predke, Alexandr"]
[Result "1/2-1/2"]
[WhiteElo "2780"]
[BlackElo "2656"]
[EventDate "2023.10.25"]
[ECO "B40"]
[PlyCount "105"]
[BlackFideId "24107581"]
[TimeControl "40/100 + 20/50 + 15 + 30s/move"]
[WhiteFideId "2016192"]

1.e4 c5 2.Nf3 e6 3.d4 cxd4 4.Nxd4 Nf6 5.Nc3 Nc6 6.a3 d6 7.Be3 Be7 8.Bc4 Bd7 9.O-O O-O 10.f4 Nxd4 11.Bxd4 e5 12.Be3 Ng4 13.Qe2 Nxe3 14.Qxe3 Rc8 15.Bd5 exf4 16.Qxa7 Bg5 17.Qf2 Bf6 18.Rab1 Be5 19.Bxb7 Rb8 20.Bd5 Qf6 21.Ne2 Bxb2 22.Qxf4 Qxf4 23.Nxf4 Bxa3 24.Nd3 Be6 25.Rxb8 Rxb8 26.Ra1 Bc5+ 27.Nxc5 dxc5 28.Ra5 Kf8 29.Rxc5 Rb1+ 30.Kf2 Ke7 31.h4 Rd1 32.c4 Rc1 33.Kf3 Kd6 34.Rc6+ Ke5 35.Rc7 Rc3+ 36.Kf2 Rc2+ 37.Kg3 Rc3+ 38.Kh2 g6 39.Rc6 h6 40.Rc7 g5 41.h5 Kf4 42.c5 g4 43.Bxe6 fxe6 44.c6 Kg5 45.Rg7+ Kxh5 46.c7 e5 47.g3 Rc2+ 48.Kg1 Rg2+ 49.Kf1 Rf2+ 50.Ke1 Re2+ 51.Kd1 Rd2+ 52.Kc1 Rc2+ 53.Kxc2 1/2-1/2

[Event "FIDE Grand Swiss 2023"]
[Site "Villa Marina, Douglas, Isle of Man"]
[Date "2023.11.01"]
[Round "7.3"]
[White "Sindarov, Javokhir"]
[Black "Vidit, Santosh Gujrathi"]
[Result "0-1"]
[WhiteElo "2658"]
[BlackElo "2716"]
[EventDate "2023.10.25"]
[ECO "C50"]
[PlyCount "114"]
[BlackFideId "5029465"]
[TimeControl "40/100 + 20/50 + 15 + 30s/move"]
[WhiteFideId "14205483"]

1.e4 e5 2.Nf3 Nc6 3.Bc4 Bc5 4.d3 d6 5.c3 Bb6 6.O-O Nf6 7.a4 a5 8.Be3 Bxe3 9.fxe3 O-O 10.Nbd2 Ne7 11.Nh4 d5 12.exd5 Nexd5 13.Qf3 Nb6 14.e4 Qd6 15.Qe2 Bg4 16.Nhf3 Rad8 17.h3 Bh5 18.g4 Bg6 19.Rfd1 Nfd7 20.Bb3 Nc5 21.Nc4 Qf6 22.Ba2 Rfe8 23.Kg2 Nbxa4 24.h4 Qf4 25.Ncxe5 Rxe5 26.Nxe5 Qxe5 27.h5 Rxd3 28.Bxf7+ Kf8 29.Rxd3 Nxd3 30.Qe3 Qxe4+ 31.Qxe4 Bxe4+ 32.Kg3 Kxf7 33.Rxa4 Bc6 34.Rxa5 Nxb2 35.Rf5+ Ke7 36.Re5+ Kf7 37.Rf5+ Kg8 38.Re5 Na4 39.c4 Nb6 40.g5 Kf7 41.Rf5+ Ke7 42.Re5+ Kd8 43.Rf5 Ke7 44.Re5+ Kd6 45.Rf5 Ke6 46.Rf8 Nxc4 47.Rh8 Nd6 48.Rxh7 Be4 49.g6 b5 50.Kf4 b4 51.Rh8 b3 52.Rb8 Bd5 53.Ke3 b2 54.h6 gxh6 55.Kd4 Nf5+ 56.Kc5 c6 57.Rxb2 Kf6 0-1

[Event "FIDE Grand Swiss 2023"]
[Site "Villa Marina, Douglas, Isle of Man"]
[Date "2023.11.01"]
[Round "7.4"]
[White "Erigaisi, Arjun"]
[Black "Esipenko, Andrey"]
[Result "1/2-1/2"]
[WhiteElo "2712"]
[BlackElo "2683"]
[EventDate "2023.10.25"]
[ECO "C88"]
[PlyCount "180"]
[BlackClock "00:03:08"]
[BlackFideId "24175439"]
[TimeControl "40/100 + 20/50 + 15 + 30s/move"]
[WhiteClock "00:03:40"]
[WhiteFideId "35009192"]

1.e4 e5 2.Nf3 Nc6 3.Bb5 a6 4.Ba4 Nf6 5.O-O Be7 6.Re1 b5 7.Bb3 O-O 8.h3 Bb7 9.d3 d5 10.exd5 Nxd5 11.Nbd2 Qd7 12.a4 Rae8 13.axb5 axb5 14.Ne4 Kh8 15.Bd2 f6 16.c3 f5 17.Neg5 Bf6 18.c4 bxc4 19.dxc4 Nde7 20.c5 e4 21.Be6 Qd8 22.Nf7+ Rxf7 23.Bxf7 Rf8 24.Ng5 e3 25.Bxe3 Qxd1 26.Raxd1 h6 27.Rd7 hxg5 28.Rxc7 Ba8 29.Bc4 Rd8 30.Be6 Kh7 31.Rd7 Rb8 32.b3 Bb7 33.Rd6 f4 34.Bd2 Be5 35.Rd7 Bf6 36.b4 Ba6 37.Rd6 Bb5 38.Bd7 Ra8 39.h4 gxh4 40.Bxf4 Ra2 41.g4 hxg3 42.Bxg3 Rb2 43.Kg2 Bc4 44.Kh2 Bb5 45.Re4 Ba4 46.Kg2 Kg8 47.Bh4 Bc2 48.Rg4 ( 48.Re2 Bxh4 49.Bxc6 Bf6 50.Rxf6 gxf6 51.Rxe7 
Rxb4 52.Bd5+ Kf8 53.Rf7+ Ke8 54.c6 ) 48...Bxh4 49.Rxh4 g5 50.Rg4 Rxb4 51.Rxg5+ Kf7 52.f3 Na5 53.c6 Nc4 54.Rh6 Bg6 55.Rh8 Rb2+ 56.Kg3 Nd6 57.Rc5 Be4 58.Rc3 Bf5 59.Rd8 Bxd7 60.Rxd7 Nc8 61.c7 Ke6 62.Rd8 Rb4 63.f4 Rb1 64.Rc5 Rg1+ 65.Kf2 Ra1 66.Ke3 Ra3+ 67.Ke2 Kf7 68.Kd2 Ra4 69.Ke3 Rb4 70.Kf3 Rb1 71.Rd4 Kf6 72.Rd8 Kf7 73.Ke4 Kf6 74.Rh8 Rb4+ 75.Ke3 Kg7 76.Rh1 Kf7 77.Kf3 Rb7 78.Kg4 Kg7 79.Rd1 Kf7 80.Rc2 Ra7 81.Rd7 Ra1 82.Rd8 Kg7 83.Rcd2 Rg1+ 84.Kf3 Rc1 85.R8d7 Kf6 86.Re2 Kf7 87.f5 Kf6 88.Re6+ Kxf5 89.Rexe7 Nxe7 90.Rxe7 Kf6 1/2-1/2

[Event "FIDE Grand Swiss 2023"]
[Site "Villa Marina, Douglas, Isle of Man"]
[Date "2023.11.01"]
[Round "7.5"]
[White "Firouzja, Alireza"]
[Black "Sarana, Alexey"]
[Result "1/2-1/2"]
[WhiteElo "2777"]
[BlackElo "2682"]
[EventDate "2023.10.25"]
[ECO "B40"]
[PlyCount "116"]
[BlackClock "00:58:41"]
[BlackFideId "24133795"]
[TimeControl "40/100 + 20/50 + 15 + 30s/move"]
[WhiteClock "00:51:37"]
[WhiteFideId "12573981"]

1.e4 c5 2.Nf3 e6 3.Be2 Nc6 4.O-O Nf6 5.Nc3 d6 6.d4 cxd4 7.Nxd4 Be7 8.Nxc6 bxc6 9.Qd3 d5 10.Qg3 O-O 11.Bh6 Ne8 12.Bf4 Bh4 13.Qf3 Bg5 14.Bxg5 Qxg5 15.Na4 Nf6 16.Bd3 e5 17.Rfe1 Re8 18.Qg3 h6 19.c3 a5 20.Rad1 Rb8 21.b3 Nh5 22.Qxg5 hxg5 23.Bc2 Nf6 24.h3 Kf8 25.Re3 g6 26.Rde1 Nd7 27.Rg3 Ba6 28.Rxg5 Bb5 29.Nb2 a4 30.h4 axb3 31.Bxb3 Nc5 32.exd5 Nxb3 33.axb3 cxd5 34.h5 gxh5 35.Rxh5 f6 36.c4 Bc6 37.Rh8+ Kf7 38.Rxe8 Kxe8 39.cxd5 Bxd5 40.Nc4 Ke7 41.Re3 Bxc4 42.bxc4 Rb1+ 43.Kh2 Rc1 44.Re4 Ke6 45.g3 Rc2 46.Kg1 f5 47.Rh4 e4 48.Rh6+ Ke5 49.Rc6 f4 50.gxf4+ Kxf4 51.c5 e3 52.fxe3+ Kxe3 53.Rc8 Kd4 54.c6 Kd5 55.Rd8+ Ke6 56.Rh8 Rxc6 57.Rh6+ Kd7 58.Rxc6 Kxc6 1/2-1/2

[Event "FIDE Grand Swiss 2023"]
[Site "Villa Marina, Douglas, Isle of Man"]
[Date "2023.11.01"]
[Round "7.7"]
[White "Keymer, Vincent"]
[Black "Korobov, Anton"]
[Result "1-0"]
[WhiteElo "2717"]
[BlackElo "2658"]
[EventDate "2023.10.25"]
[ECO "D17"]
[PlyCount "125"]
[BlackClock "00:19:49"]
[BlackFideId "14105730"]
[TimeControl "40/100 + 20/50 + 15 + 30s/move"]
[WhiteClock "00:09:35"]
[WhiteFideId "12940690"]

1.d4 d5 2.c4 c6 3.Nf3 Nf6 4.Nc3 dxc4 5.a4 Bf5 6.Ne5 Nbd7 7.Nxc4 Nb6 8.Ne5 a5 9.h4 h6 10.f3 e6 11.e4 Bh7 12.Be3 Nfd7 13.Nd3 Nc4 14.Bf2 Nd6 15.Be2 Be7 16.g4 Rb8 17.Rc1 O-O 18.Kf1 b5 19.Kg2 bxa4 20.Nxa4 Qc7 21.Bg3 Qa7 22.Bf2 Qc7 23.Rh3 Rfd8 24.Qc2 Rdc8 25.g5 hxg5 26.hxg5 Bxg5 27.Rch1 Nf8 28.Nac5 Qe7 29.Qd1 f5 30.e5 Nf7 31.f4 Bh6 32.Qg1 a4 33.Bh4 Qa7 34.Kf2 Kh8 35.Bh5 Bxf4 36.Bxf7 Qxf7 37.Nxf4 Rxb2+ 38.Kf3 Rcb8 39.Be7 R8b3+ 40.Nxb3 Rxb3+ 41.Ke2 Rb2+ 42.Kd3 Kg8 43.Qg5 c5 44.Kc3 Rb7 45.Bxf8 cxd4+ 46.Kd2 Qxf8 47.Nd3 g6 48.Rxh7 Rxh7 49.Qxg6+ Rg7 50.Qxe6+ Rf7 51.Qd5 Qg7 52.Rh2 Qg5+ 53.Kc2 Qe7 54.Rg2+ Kh7 55.Rg3 Qb7 56.Qxd4 Qc6+ 57.Kd2 Qh6+ 58.Nf4 Qh2+ 59.Rg2 Qh4 60.e6 Rb7 61.Qe5 Qd8+ 62.Ke2 Qf8 63.Rh2+ 1-0